 Dungeon Crawl Stone Soup version 0.24-a0-580-g6a6c3f83c1 (webtiles) character file.

Game seed: 146118094446339637

112 Electrofox the Firebug (level 4, 0/33 HPs)
             Began as a Hill Orc Fire Elementalist on Aug 22, 2019.
             Slain by Prince Ribbit (4 damage)
             ... on level 6 of the Dungeon.
             The game lasted 00:18:50 (2828 turns).

Electrofox the Firebug (Hill Orc Fire Elementalist) Turns: 2828, Time: 00:18:50

Health: 0/33       AC:  7    Str: 11    XL:     4   Next: 93%
Magic:  2/7        EV: 11    Int: 15    God:
Gold:   169        SH:  0    Dex: 11    Spells: 3/7 levels left

rFire    + . .     SeeInvis .   p - +0 hand axe
rCold    x . .     Gourm    .   (no shield)
rNeg     . . .     Faith    .   q - +3 leather armour
rPois    .         Spirit   .   (no helmet)
rElec    .         Reflect  .   f - +0 cloak
rCorr    .         Harm     .   (no gloves)
MR       .....                  (no boots)
Stlth    +.........             (no amulet)
HPRegen  0.11/turn              k - ring of fire
MPRegen  0.10/turn              (no ring)

@: very slightly contaminated
A: no striking features
a: no special abilities


You were on level 6 of the Dungeon.
You were hungry.

You visited 1 branch of the dungeon, and saw 4 of its levels.

You collected 169 gold pieces.

Inventory:

Hand Weapons
 n - a +0 short sword
 p - a +0 hand axe (weapon)
Missiles
 j - 8 poisoned darts (quivered)
Armour
 a - a +0 robe
 f - a +0 cloak (worn)
 q - a +3 leather armour (worn)
Jewellery
 k - a ring of fire (left hand)
Wands
 s - a wand of flame (18)
Scrolls
 d - 6 scrolls of identify
 i - a scroll of teleportation {unknown}
 m - a scroll of enchant weapon {unknown}
 o - 2 scrolls of remove curse {unknown}
 r - a scroll of fear {unknown}
 t - a scroll of immolation {unknown}
Potions
 b - a potion of heal wounds {unknown}
 e - a potion of haste
 g - a potion of mutation {unknown}
 l - a potion of might {unknown}
Comestibles
 c - 2 rations


   Skills:
 * Level 1.5 Axes
 + Level 0.7 Armour
 - Level 1.5 Dodging
 - Level 1.5 Stealth
 + Level 2.2 Spellcasting
 - Level 2.8 Conjurations
 - Level 4.0 Fire Magic


You had 3 spell levels left.
You knew the following spells:

 Your Spells              Type           Power        Failure   Level  Hunger
a - Flame Tongue          Conj/Fire      ###..        7%          1    #......
b - Conjure Flame         Conj/Fire      ###.....     21%         3    ###....

Your spell library contained the following spells:

 Spells                   Type           Power        Failure   Level  Hunger
 Throw Flame              Conj/Fire      ###...       11%         2    ###....
 Inner Flame              Hex/Fire       ##......     36%         3    ###....
 Sticky Flame             Conj/Fire      ###.....     56%         4    #####..
 Fireball                 Conj/Fire      ###.......   88%         5    ######.


Dungeon Overview and Level Annotations

Branches:
Dungeon (3/15)

Altars:

Annotations:
D:6 Prince Ribbit


Message History

You feel a surge of power!
The flame tongue misses Prince Ribbit.
Prince Ribbit closely misses you.
Casting: Flame Tongue (safe; 7% risk of failure)
Confirm with . or Enter, or press ? or * to list all spells.
Aiming: Flame Tongue (safe; 7% risk of failure)
Press: ? - help, Shift-Dir - straight line, f/p - Prince Ribbit
Aim: Prince Ribbit (moderately wounded)
You feel a surge of power!
The flame tongue misses Prince Ribbit.
Prince Ribbit hits you!
* * * LOW HITPOINT WARNING * * *
Prince Ribbit closely misses you.
You barely miss Prince Ribbit.
Prince Ribbit is moderately wounded.
Prince Ribbit hits you.
* * * LOW HITPOINT WARNING * * *
Prince Ribbit barely misses you. Prince Ribbit closely misses you.
Prince Ribbit blinks!
Prince Ribbit misses you. Prince Ribbit hits you.
You die...

.................
.......).........
.................
##################'#........
#..............#...#........
#..............#...#.a......
#..............#...#........
#.........F....#...#........
###.##.###.@####(###.F......
#.##.####'####.#.....#####
+..........#...+.....#
#..........'...#.....#
#############..#.....#
#####......... #.....[...
#......... #.........


You could see Prince Ribbit.

Vanquished Creatures
  A worker ant (D:6)
  3 adders (D:2)
  A worm (D:2)
  2 leopard geckos
  5 orcs
  8 bats
  2 giant cockroaches
  7 goblins
  6 hobgoblins
  A quokka (D:2)
  A ball python (D:3)
  5 frilled lizards
  6 kobolds
  A rat (D:2)
49 creatures vanquished.

Notes
Turn   | Place    | Note
-------+----------+-------------------------------------------
     0 | D:1      | Electrofox the Hill Orc Fire Elementalist began the quest
                  | for the Orb.
     0 | D:1      | Reached XP level 1. HP: 14/14 MP: 3/3
   283 | D:1      | Reached XP level 2. HP: 20/20 MP: 1/4
  1124 | D:2      | Reached XP level 3. HP: 26/26 MP: 0/5
  1597 | D:2      | Learned a level 3 spell: Conjure Flame
  1598 | D:2      | Reached skill level 4 in Fire Magic
  1598 | D:2      | Reached XP level 4. HP: 33/33 MP: 4/7
  2239 | D:3      | Found a faded altar of an unknown god.
  2616 | D:3      | You fall into a shaft and drop 3 floors!
  2774 | D:6      | Noticed Prince Ribbit
  2797 | D:6      | Reached skill level 1 in Axes
  2828 | D:6      | Slain by Prince Ribbit

Levels and vault maps discovered:
D:1:      dpeg_arrival_fog, layout_loops_ring
D:2:      layout_basic, chequers_serial_rivers_room_a
D:3:      layout_loops_ring, chequers_ecumenical_altar_lobes
D:6:      layout_gridville, minmay_temple_entry_tees, serial_shops,
          nicolae_shop_competitors_out_of_business, uniq_prince_ribbit1,
          uniq_edmund, uniq_menkaure

Skill      XL: |  1  2  3  4 |
---------------+-------------+-----
Conjurations   | 2 |  2.8
Spellcasting   | 2 |  2.2
Fire Magic     | 4 |  4.0
Axes           | 1 |  1.5
Armour         | |  0.7
Dodging        | |  1.5
Stealth        | |  1.5

Action                   |  1- 3 |  4- 6 || total
-------------------------+-------+-------++-------
Melee: Unarmed           |    35 |       ||    35
       Hand axe          |       |    15 ||    15
       Short sword       |       |    13 ||    13
Throw: Dart              |       |    10 ||    10
 Cast: Flame Tongue      |    45 |    34 ||    79
  Use: Scroll            |       |     5 ||     5
  Eat: Chunk             |     3 |     4 ||     7
Armor: Robe              |    10 |     5 ||    15
       Leather armour    |       |     5 ||     5
Dodge: Dodged            |    52 |    42 ||    94

Table legend:
 A = Non-vault XP
 B = Vault XP
 C = Vault XP percentage of total XP
 D = Non-vault monster count
 E = Vault monster count
 F = Vault count percentage of total count
                 A         B        C        D         E       F
            +---------+---------+-------+---------+---------+-------
      Total |     160 |       0 |   0.0 |      49 |       0 |   0.0
            +---------+---------+-------+---------+---------+-------
        D:1 |      21 |       0 |   0.0 |      12 |       0 |   0.0
        D:2 |      75 |       0 |   0.0 |      23 |       0 |   0.0
        D:3 |      24 |       0 |   0.0 |      11 |       0 |   0.0
        D:6 |      40 |       0 |   0.0 |       3 |       0 |   0.0
            +---------+---------+-------+---------+---------+-------
